 Dungeon Crawl Stone Soup version 0.31-a0-1616-gbeaec30b81 (webtiles) character file.

Game seed: 4613361184618247735

607 garrulousMonolith the Chopper (level 7, -7/61 HPs)
             Began as a Hill Orc Monk on Jan 11, 2024.
             Was a Believer of Beogh.
             Killed from afar by Dowan (18 damage)
             ... with a shard of ice
             ... on level 4 of the Dungeon.
             The game lasted 00:04:29 (3452 turns).

garrulousMonolith the Chopper (Hill Orc Monk)       Turns: 3452, Time: 00:04:30

Health: -7/61      AC:  9    Str: 16    XL:     7   Next: 43%
Magic:  10/10      EV:  8    Int: 10    God:    Beogh [**....]
Gold:   187        SH:  0    Dex: 13    Spells: 6/6 levels left

rFire   . . .        a - +0 hand axe
rCold   . . .        d - orb {light}
rNeg    . . .        s - +0 chain mail
rPois   .            (no helmet)
rElec   .            (no cloak)
rCorr   .            (no gloves)
SInv    .            (no boots)
Will    .....        (no amulet) Stlth
                     (no ring)
HPRegen 0.30/turn    (no ring)
MPRegen 0.12/turn

%: no passive effects
@: mighty, glowing
A: no striking features
a: Renounce Religion, Smiting


You were on level 4 of the Dungeon.
You worshipped Beogh.
Beogh was pleased with you.
You visited 1 branch of the dungeon, and saw 6 of its levels.

You collected 187 gold pieces.

Inventory:

Hand Weapons
 a - a +0 hand axe (weapon)
Armour
 d - an orb of light (worn)
 s - a +0 chain mail (worn)
Scrolls
 e - a scroll of silence {unknown}
 f - a scroll of brand weapon {unknown}
 g - 2 scrolls of vulnerability
 h - 2 scrolls of teleportation {unknown}
 k - 2 scrolls of noise {unknown}
 o - 2 scrolls of immolation {unknown}
 q - a scroll of revelation {unknown}
 r - a scroll of identify
Potions
 i - 2 potions of invisibility
 j - a potion of heal wounds {unknown}
 m - a potion of attraction {unknown}
 n - a potion of enlightenment {unknown}


   Skills:
 + Level 5.4 Fighting
 * Level 7.6 Axes
 + Level 3.5 Armour
 - Level 2.4 Dodging
 + Level 4.2 Invocations


You had 6 spell levels left.
You didn't know any spells.
Your spell library was empty.

Dungeon Overview and Level Annotations

Branches:
Dungeon (6/15)
 Temple: D:4-7

Altars:
Dithmenos
Ru
Sif Muna
Trog
Uskayaw
The Shining One

Shops:
D:4 [

Annotations:
D:4 Dowan


Message History

Duvessa hits you with a +0 short sword. x2
You barely miss Duvessa.
Duvessa is heavily wounded.
Duvessa hits you but does no damage.
You hit Duvessa.
Duvessa is heavily wounded.
Duvessa hits you with a +0 short sword!
Dowan casts a spell.
Dowan blinks!
You barely miss Duvessa.
Duvessa is heavily wounded.
Duvessa completely misses you.
Duvessa says, "When magic and the sword combine, nothing stands against them."
Duvessa closely misses you.
You hit Duvessa.
Duvessa is heavily wounded.
Duvessa hits you with a +0 short sword!
* * * LOW HITPOINT WARNING * * *
Dowan says, "Stay away from my face!"
You slash Duvessa!
Duvessa is severely wounded.
Duvessa hits you with a +0 short sword.
* * * LOW HITPOINT WARNING * * *
It was a potion of might.
You feel very mighty all of a sudden. Duvessa completely misses you.
Duvessa hits you with a +0 short sword.
* * * LOW HITPOINT WARNING * * *
You slash Duvessa!
Duvessa is almost dead.
Duvessa hits you but does no damage.
Dowan casts a spell.
Dowan blinks!
You slash Duvessa!
You kill Duvessa!
Beogh accepts your kill.
Dowan's eyes darken. "You have made a grave mistake."
Dowan seems to find hidden reserves of power!
Dowan points at you and mumbles some strange words.
The shard of ice hits you!!
You die...

#.########...# ##'## #.# #.#
#⌠8 #..## #.# #.# #.# +..
#.## #)# # ##.# #.. #.##
##.## # #..# +.. #..####...##
# #..# #.. #....#.....# #
#..#####'##.##.##...## #
##........e..##.#.#.####### #
#...#.......§)@.[#.........
###.#.####..#####.#.#.#######
....#.####).# #.###.#
#####.......#####.# #.# #
######........# #.# #
########## #.# # #######.# ##
#.......# .##
########.####..#######


You could see Dowan (fast).

Vanquished Creatures
  Duvessa (D:4)
  A water moccasin (D:5)
  A centaur (D:5)
  2 phantoms (D:5)
  A howler monkey (D:5)
  A hound (D:5)
  An orc priest (D:6)
  An iguana (D:5)
  A gnoll (D:2)
  6 adders
  A dart slug (D:5)
  A ribbon worm (D:4)
  19 orcs
  7 ball pythons
  3 endoplasms
  A giant cockroach (D:2)
  5 goblins
  3 hobgoblins (D:1)
  5 jackals
  A quokka (D:3)
  3 bats
  A frilled lizard (D:1)
  3 kobolds
  2 rats (D:1)
71 creatures vanquished.

Vanquished Creatures (others)
  An orc wizard (D:3)
  A gnoll (D:3)
  A ball python (D:3)
3 creatures vanquished.

Grand Total: 74 creatures vanquished

Notes
Turn   | Place    | Note
-------+----------+-------------------------------------------
     0 | D:1      | garrulousMonolith the Hill Orc Monk began the quest for the
                  | Orb.
     0 | D:1      | Reached XP level 1. HP: 19/19 MP: 1/1
   248 | D:1      | Reached XP level 2. HP: 27/27 MP: 2/2
   483 | D:1      | Reached skill level 1 in Invocations
   817 | D:1      | Reached skill level 1 in Armour
   874 | D:2      | Reached XP level 3. HP: 33/33 MP: 3/3
  1532 | D:3      | Reached skill level 5 in Axes
  1546 | D:3      | Reached XP level 4. HP: 26/40 MP: 5/5
  1647 | D:3      | Became a worshipper of Beogh the Brigand
  1647 | D:3      | Reached * piety under Beogh
  1647 | D:3      | Reached ** piety under Beogh
  1977 | D:3      | You fall into a shaft and drop 3 floors!
  1995 | D:6      | Noticed a water moccasin
  2024 | D:6      | Noticed a black bear
  2042 | D:6      | Reached XP level 5. HP: 47/47 MP: 2/6
  2166 | D:5      | Entered Level 5 of the Dungeon
  2191 | D:5      | Killed a water moccasin
  2192 | D:5      | Reached skill level 6 in Axes
  2192 | D:5      | Reached XP level 6. HP: 53/53 MP: 6/8
  2311 | D:5      | Reached skill level 5 in Fighting
  2316 | D:5      | Found a hide-covered altar of Uskayaw.
  2316 | D:5      | Found a bloodstained altar of Trog.
  2316 | D:5      | Found a glowing golden altar of the Shining One.
  2319 | D:5      | Reached skill level 7 in Axes
  2319 | D:5      | Reached XP level 7. HP: 21/61 MP: 9/9
  2376 | D:5      | Found a shadowy altar of Dithmenos.
  2377 | D:5      | Found a sacrificial altar of Ru.
  2377 | D:5      | Found a shimmering blue altar of Sif Muna.
  2646 | D:5      | Identified the +8 rapier of Brutal Revenge {venom, Int+5}
  3381 | D:4      | Found Asoni's Armour Boutique.
  3410 | D:4      | Noticed Duvessa
  3410 | D:4      | Noticed Dowan
  3452 | D:4      | Killed Duvessa
  3452 | D:4      | Killed from afar by Dowan

Illustrated notes

Levels and vault maps discovered:
D:1:      wheals_arrival_shading, layout_loops_ring, nicolae_hexahallways
D:2:      layout_basic
D:3:      layout_loops_ring, serial_shops, shop, chequers_serial_rivers_room_a
D:4:      dreamdust_elfheim, layout_loops_corners, nicolae_inconvenience_store
D:5:      layout_cave_pools, grunt_temple_overflow_open, minmay_splitting_lines,
          serial_library_regret_index_split_case, kennysheep_doodads
D:6:      layout_basic, zin_purify

Skill      XL: |  1  2  3  4  5  6  7 |
---------------+----------------------+-----
Invocations    | 1 2 3 4 |  4.2
Armour         | 1 2 3 |  3.5
Fighting       | 4 5 |  5.4
Axes           | 5 6 7 |  7.6
Dodging        | |  2.4

Action                     |  1- 3 |  4- 6 |  7- 9 || total
---------------------------+-------+-------+-------++-------
  Melee: Hand axe          |    88 |   102 |    94 ||   284
 Invoke: Smiting           |       |     1 |       ||     1
         Convert to Beogh  |       |     1 |       ||     1
    Use: Scroll            |     4 |     1 |       ||     5
         Potion            |       |     2 |     2 ||     4
 Armour: Robe              |    18 |       |       ||    18
         Leather armour    |    28 |     8 |       ||    36
         Ring mail         |       |    30 |    37 ||    67
         Skin              |       |    32 |       ||    32
         Chain mail        |       |       |    40 ||    40
  Dodge: Dodged            |    46 |    41 |    53 ||   140

Table legend: (Time is in decaauts)
 A = Elapsed time spent in this place.
 B = Non-inter-level travel time spent in this place.
 C = Inter-level travel time spent in this place.
 D = Time resting spent in this place.
 E = Time spent auto-exploring this place.
 F = Levels seen in this place.
 G = Mean time per level.
                   A        B        C        D        E       F      G
               +--------+--------+--------+--------+--------+-----+--------+
         Total |   3433 |   3215 |    218 |    179 |   2396 |   6 |  572.2 |
       Dungeon |   3433 |   3215 |    218 |    179 |   2396 |   6 |  572.2 |
               +--------+--------+--------+--------+--------+-----+--------+

Top non-repeatable levels by time:
     D:1: 967 daAuts
     D:5: 780 daAuts
     D:2: 579 daAuts
     D:4: 498 daAuts
     D:3: 438 daAuts
     D:6: 169 daAuts
